 Dungeon Crawl Stone Soup version 0.31.0-11-ge490571c62 (webtiles) character file.

Game seed: 8392724014616092009

16 qw the Shooter (level 2, -1/16 HPs)
             Began as a Deep Elf Hunter on Feb 4, 2024.
             Succumbed to their own poison gas
             ... on level 1 of the Dungeon.
             The game lasted 00:00:01 (617 turns).

qw the Shooter (Deep Elf Hunter)                     Turns: 617, Time: 00:00:02

Health: -1/16      AC:  4    Str:  8    XL:     2   Next: 41%
Magic:  4/4        EV: 12    Int: 13    God:
Gold:   45         SH:  0    Dex: 18    Spells: 1/1 levels left

rFire   . . .        a - +0 shortbow
rCold   . . .        (shield currently unavailable)
rNeg    . . .        c - +0 leather armour
rPois   .            (no helmet)
rElec   .            f - +0 cloak
rCorr   .            (no gloves)
SInv    .            (no boots)
Will    .....        (no amulet)
Stlth   ++           (no ring)
HPRegen 0.22/turn    (no ring)
MPRegen 0.09/turn

%: no passive effects
@: lethally poisoned (-1 -> -15)
A: no striking features
a: no special abilities


You were on level 1 of the Dungeon.
You visited 1 branch of the dungeon, and saw 1 of its levels.

You collected 45 gold pieces.


   Skills:
 - Level 1.5 Fighting
 + Level 6.2 Ranged Weapons
 - Level 2.4 Dodging
 - Level 1.2 Stealth


You had one spell level left.
You didn't know any spells.
Your spell library was empty.

Inventory:

Hand Weapons
 a - a +0 shortbow (weapon)
Armour
 c - a +0 leather armour (worn)
 f - a +0 cloak (worn)
Potions
 k - a potion of resistance

Dungeon Overview and Level Annotations

Branches:
Dungeon (1/15)

Altars:


Message History

606 ||| READING scroll labelled YNIUCE PIGHE.
As you read the scroll labelled YNIUCE PIGHE, it crumbles to dust.
You feel strangely unstable.
It was a scroll of teleportation.
You start waiting.
Your surroundings suddenly seem different.
Done exploring.
611 ||| READING 3 scrolls labelled YQEPUN AMOURPH.
Blink to where?
Press: ? - help, Dir - move target, f - you
As you read the scroll labelled YQEPUN AMOURPH, it crumbles to dust.
It was a scroll of blinking.
Done exploring.
612 ||| READING scroll labelled PAEDOM HEEPT.
The air fills with toxic fumes!
As you read the scroll labelled PAEDOM HEEPT, it crumbles to dust.
It was a scroll of poison.
Done exploring.
613 ||| DROPPING scroll of butterflies.
You drop a scroll of butterflies.
Done exploring.
614 ||| DROPPING 2 scrolls of blinking.
You drop 2 scrolls of blinking.
Done exploring.
615 ||| DROPPING potion of degeneration.
You drop a potion of degeneration.
Done exploring.
What level of the Dungeon? (default 1, ? - help) Sorry, I don't know how to get there.
Enter note:
Enter note:
Enter note:
Enter note:
Enter note:
Enter note:
Enter note:
Enter note:
Enter note: You are engulfed in poison gas.
You are lethally poisoned!
Ouch! That really hurt!
You feel very sick.
617 ||| Stepping ~*~*~tactically~*~*~ (cloud).
You die...

###### ###....#
#......# #.~~~..#
#.~_~... #.~~~...
###########.....##
#@¤¤¤0¤¤¤..>...##
#¤###¤¤¤¤......#
#¤###..:¤......#
#¤#............###
#¤#.#.............
#¤#.#......##...##
#¤#.#......####..#
#¤.........#......
###.#......#......


There were no monsters in sight!

Vanquished Creatures
  A ball python (D:1)
  4 bats (D:1)
  An endoplasm (D:1)
  A giant cockroach (D:1)
  3 hobgoblins (D:1)
  2 quokkas (D:1)
  A kobold (D:1)
13 creatures vanquished.

Notes
Turn   | Place    | Note
-------+----------+-------------------------------------------
     0 | D:1      | qw the Deep Elf Hunter began the quest for the Orb.
     0 | D:1      | Reached XP level 1. HP: 12/12 MP: 3/3
     0 | D:1      | 0 ||| qw: Version: 0.3-a-160-g6735b56
     0 | D:1      | 0 ||| qw: Game counter: 5135
     0 | D:1      | 0 ||| qw: Melee chars always use a shield: true
     0 | D:1      | 0 ||| qw: God list: Okawaru
     0 | D:1      | 0 ||| qw: Allow faded altars: false
     0 | D:1      | 0 ||| qw: Do Orc after clearing Dungeon:15 true
     0 | D:1      | 0 ||| qw: Do second Lair branch before Depths: true
     0 | D:1      | 0 ||| qw: Lair rune preference: random
     0 | D:1      | 0 ||| qw: Goals: Normal
     0 | D:1      | 0 ||| PLANNING D:1-11
   294 | D:1      | Reached XP level 2. HP: 16/16 MP: 4/4
   326 | D:1      | Reached skill level 6 in Ranged Weapons
   396 | D:1      | Found a faded altar of an unknown god.
   598 | D:1      | 598 ||| UPGRADING to +0 cloak.
   603 | D:1      | 603 ||| READING 2 scrolls labelled HUK ORIORGHIRU.
   603 | D:1      | 603 ||| IDENTIFYING puce potion
   604 | D:1      | 604 ||| READING scroll of identify.
   604 | D:1      | 604 ||| IDENTIFYING grey potion
   605 | D:1      | 605 ||| READING scroll labelled LERAZX CESM.
   606 | D:1      | 606 ||| READING scroll labelled YNIUCE PIGHE.
   611 | D:1      | 611 ||| READING 3 scrolls labelled YQEPUN AMOURPH.
   612 | D:1      | 612 ||| READING scroll labelled PAEDOM HEEPT.
   613 | D:1      | 613 ||| DROPPING scroll of butterflies.
   614 | D:1      | 614 ||| DROPPING 2 scrolls of blinking.
   615 | D:1      | 615 ||| DROPPING potion of degeneration.
   616 | D:1      | HP: 3/16 [poisoned by you (poison gas)]
   617 | D:1      | 617 ||| Stepping ~*~*~tactically~*~*~ (cloud).
   617 | D:1      | Succumbed to their own poison gas

Levels and vault maps discovered:
D:1:      eino_arrival_tree_alley, layout_basic,
          hellmonk_ecumenical_altar_pennies_from_heaven

Skill      XL: |  1  2 |
---------------+-------+-----
Ranged Weapons | 6 |  6.2
Fighting       | |  1.5
Dodging        | |  2.4
Stealth        | |  1.2

Action                     || total
---------------------------++-------
   Fire: Shortbow          ||    31
    Use: Scroll            ||     6
 Armour: Leather armour    ||    10
  Dodge: Dodged            ||     7

Table legend:
 A = Non-vault XP
 B = Vault XP
 C = Vault XP percentage of total XP
 D = Non-vault monster count
 E = Vault monster count
 F = Vault count percentage of total count
                 A         B        C        D         E       F
            +---------+---------+-------+---------+---------+-------
      Total |      24 |       0 |   0.0 |      13 |       0 |   0.0
            +---------+---------+-------+---------+---------+-------
        D:1 |      24 |       0 |   0.0 |      13 |       0 |   0.0
            +---------+---------+-------+---------+---------+-------
